 Dungeon Crawl Stone Soup version 0.28-a0-535-g6f645e4c1d (webtiles) character file.

Game seed: 1550841311732449343

2785 jasper the Jinx (level 9, -3/65 HPs)
             Began as a Demonspawn Enchanter on Sept 26, 2021.
             Was a Follower of Cheibriados.
             Slain by a komodo dragon (30 damage)
             ... on level 7 of the Dungeon.
             The game lasted 00:18:26 (10492 turns).

jasper the Jinx (Demonspawn Enchanter)             Turns: 10492, Time: 00:18:26

Health: -3/65      AC:  7    Str: 10    XL:     9   Next: 43%
Magic:  9/15       EV: 15    Int: 29    God:    Cheibriados [*.....]
Gold:   230        SH:  0    Dex: 22    Spells: 8/16 levels left

rFire   . . .      SeeInvis .   l - +0 dagger (vamp)
rCold   . . .      Faith    .   (no shield)
rNeg    . . .      Spirit   .   b - +0 robe
rPois   +          Reflect  .   n - +0 helmet
rElec   .          Harm     .   (no cloak)
rCorr   .          Rampage  .   A - +0 pair of gloves
Will    .....                   (no boots)
Stlth   ++++......              E - amulet of magic regeneration
HPRegen 0.20/turn               p - ring of protection from fire
MPRegen 0.39/turn               t - ring of Raeziol {rPois rF- Int+7 Dex+6}

@: studying Staves, very slow
A: hooves 2, slimy green scales 2, demonic guardian 1, ignite blood 1
a: Renounce Religion, Bend Time


You were on level 7 of the Dungeon.
You worshipped Cheibriados.
Cheibriados was aware of your devotion.
You visited 2 branches of the dungeon, and saw 8 of its levels.
You also visited: Sewer.

You collected 1081 gold pieces.
You spent 851 gold pieces at shops.

Inventory:

Hand Weapons
 a - a +1 dagger
 d - a +0 short sword
 i - a +2 short sword of speed
 l - a +0 vampiric dagger (weapon)
 I - a +2 hand axe of pain
 N - a +0 flail
 O - a +2 short sword of protection
Missiles
 e - 166 stones
 G - 41 poisoned darts
 J - 4 boomerangs
 L - 5 atropa-tipped darts
Armour
 b - a +0 robe (worn)
 n - a +0 helmet (worn)
 A - a +0 pair of gloves (worn)
Magical Staves
 r - a staff of air
 y - a staff of earth
 Q - a staff of cold
Jewellery
 f - a ring of fire
 o - a +6 ring of strength
 p - a ring of protection from fire (left hand)
 t - the ring of Raeziol (right hand) {rPois rF- Int+7 Dex+6}
   (You bought it in a shop on level 1 of the Dungeon)

   [ring of dexterity]

   Int:       It affects your intelligence (+7).
   Dex:       It affects your dexterity (+6).
   rF:        It makes you vulnerable to fire.
   rPois:     It protects you from poison.
 C - a ring of positive energy
 E - an amulet of magic regeneration (around neck)
 R - a +6 ring of dexterity
Wands
 D - a wand of polymorph (4)
Scrolls
 c - a scroll of holy word {unknown}
 v - 5 scrolls of teleportation
 x - a scroll of blinking
 B - a scroll of torment
Potions
 g - a potion of attraction
 h - 2 potions of resistance
 j - 6 potions of heal wounds
 k - a potion of flight {unknown}
 m - 4 potions of mutation {unknown}
 q - a potion of degeneration {unknown}
 s - a potion of ambrosia {unknown}
 u - 2 potions of magic {unknown}
 w - a potion of experience {unknown}
 z - 2 potions of haste {unknown}
 F - a potion of berserk rage {unknown}
 H - 2 potions of curing {unknown}
 K - a potion of lignification {unknown}
 M - a potion of might {unknown}


   Skills:
 + Level 4.0 Fighting
 - Level 3.0 Short Blades
 + Level 4.2 Dodging
 - Level 6.0 Stealth
 - Level 4.1 Spellcasting
 - Level 8.0 Hexes
 - Level 3.3 Ice Magic
 * Level 3.2 Invocations


You had 8 spell levels left.
You knew the following spells:

 Your Spells              Type           Power      Damage    Failure   Level
a - Ensorcelled Hibernat  Hex/Ice        76%        N/A       1%          2
b - Confusing Touch       Hex            51%        N/A       1%          3
c - Tukima's Dance        Hex            51%        N/A       1%          3

Your spell library contained the following spells:

 Spells                   Type           Power      Damage    Failure   Level
 Dazzling Flash           Conj/Hex       58%        N/A       4%          3
 Shock                    Conj/Air       20%        1d4       7%          1
 Swiftness                Air            5%         N/A       21%         3
 Airstrike                Air            2%         N/A       56%         4


Dungeon Overview and Level Annotations

Branches:
Dungeon (7/15)             Temple (1/1) D:6           Sewer (visited)

Altars:
Cheibriados
Dithmenos
Fedhas
Kikubaaqudgha
Qazlal
Ru
Sif Muna
Trog
Uskayaw
Vehumet
Wu Jian
Xom
Yredelemnul
Zin
The Shining One

Shops:
D:1 (*=   D:5 ?


Innate Abilities, Weirdness & Mutations

You have hoof-like feet.
You are mostly covered in slimy green scales. (AC +3)
A weak demonic guardian rushes to your aid.
Your demonic aura sometimes causes spilled blood to erupt in flames.


Message History

You now have 10/15 mp.
Aiming: Ensorcelled Hibernation (safe; 1% risk of failure)
Press: ? - help, Q - select action, (/) - cycle Shift-Dir - straight line, f/p - komodo dragon
Aim: a komodo dragon (chance to affect: 49%)
The komodo dragon resists with some effort.
The komodo dragon bites you!!
You take 18 damage, and have 47/65 hp.
MASSIVE DAMAGE!!
You now have 8/15 mp.
Aiming: Ensorcelled Hibernation (safe; 1% risk of failure)
Press: ? - help, Q - select action, (/) - cycle Shift-Dir - straight line, f/p - komodo dragon
Aim: a komodo dragon (chance to affect: 49%)
The komodo dragon looks drowsy...
You now have 7/15 mp.
The helpless komodo dragon fails to defend itself.
You impale the komodo dragon!!
You feel better.
You kick the komodo dragon, but do no damage.
The komodo dragon is severely wounded.
The komodo dragon bites you!
You regained 4 hp, and now have 51/65 hp.
You hit the komodo dragon.
You feel better.
You kick the komodo dragon.
The komodo dragon is almost dead.
The komodo dragon bites you!!
You take 25 damage, and have 26/65 hp.
MASSIVE DAMAGE!!
You hit the komodo dragon but do no damage.
Your kick misses the komodo dragon.
The komodo dragon is almost dead.
The komodo dragon closely misses you.
You hit the komodo dragon but do no damage.
You kick the komodo dragon.
The komodo dragon is almost dead.
The komodo dragon barely misses you.
You barely miss the komodo dragon.
The komodo dragon is almost dead.
The komodo dragon barely misses you.
You barely miss the komodo dragon.
The komodo dragon is almost dead.
You hit the komodo dragon but do no damage.
You kick the komodo dragon, but do no damage.
The komodo dragon is almost dead.
The komodo dragon bites you!!
You die...

###.##. #..........#
#...##. #..........#
#.#.##. ...........#
#...##. #...(.....
#.#.### ##........ #.#.#
#........# #.#.#
#......l.#########.#.#
#......@..........##.#
#.................##.#
########..........##.###
#..........'....#
#..........#.##.#
#..........#.##.#
#..........#.##.#
+.........$#.##.#
#..........#.##.#


You could see a komodo dragon.

Vanquished Creatures
  An acid dragon (D:7)
  A hornet zombie (D:7)
  A necrophage (D:3)
  A black bear (D:5)
  2 orc warriors
  An ogre (D:6)
  A centaur (D:7)
  2 phantoms
  3 kobold brigands (Sewer)
  2 bullfrogs (D:6)
  A scorpion (D:6)
  4 wights
  A bullfrog zombie (D:7)
  2 centaur zombies
  3 jellies
  3 hounds
  9 orc priests
  Jessica (D:3)
  A bullfrog skeleton (D:4)
  3 iguanas (D:5)
  4 orc wizards
  2 hound skeletons
  5 gnolls
  5 adders
  4 river rats (Sewer)
  A white imp (D:7)
  2 ufetubi
  An adder skeleton (D:4)
  3 worms
  5 dart slugs
  28 orcs
  15 ball pythons
  14 endoplasms
  4 giant cockroaches
  3 goblins
  4 hobgoblins
  21 kobolds
  3 quokkas
  4 bats
  3 frilled lizards
  25 rats
199 creatures vanquished.

Vanquished Creatures (collateral kills)
  Edmund (D:4)
  A wight (D:7)
  A centaur zombie (D:7)
  A bullfrog skeleton (D:6)
  2 gnolls
6 creatures vanquished.

Vanquished Creatures (others)
  4 dancing weapons
4 creatures vanquished.

Grand Total: 209 creatures vanquished

Notes
Turn   | Place    | Note
-------+----------+-------------------------------------------
     0 | D:1      | jasper the Demonspawn Enchanter began the quest for the
                  | Orb.
     0 | D:1      | Reached XP level 1. HP: 13/13 MP: 3/3
    22 | D:1      | Reached skill level 1 in Short Blades
   937 | D:1      | Gained mutation: You have large cloven feet. [demonic
                  | ancestry]
   937 | D:1      | Reached XP level 2. HP: 15/19 MP: 5/5
  1072 | D:1      | Learned a level 2 spell: Ensorcelled Hibernation
  1612 | D:1      | Found Juapty's Weapon Boutique.
  1678 | D:1      | Found Hajo's Jewellery Shop.
  1785 | D:1      | Gained mutation: Your demonic aura sometimes causes spilled
                  | blood to erupt in flames. [demonic ancestry]
  1785 | D:1      | Reached XP level 3. HP: 22/24 MP: 6/6
  1789 | D:1      | Learned a level 3 spell: Confusing Touch
  1985 | D:1      | Found Wegiq Jie's Assorted Antiques.
  2171 | D:2      | Found a faded altar of an unknown god.
  2747 | D:2      | Gained mutation: You are partially covered in slimy green
                  | scales. (AC +2) [demonic ancestry]
  2747 | D:2      | Reached XP level 4. HP: 30/30 MP: 7/7
  2999 | D:2      | Reached skill level 1 in Ice Magic
  3261 | D:3      | Noticed a necrophage
  3277 | D:3      | Killed a necrophage
  3278 | D:3      | Gained mutation: You are mostly covered in slimy green
                  | scales. (AC +3) [demonic ancestry]
  3278 | D:3      | Reached XP level 5. HP: 31/35 MP: 4/9
  3282 | D:3      | Learned a level 3 spell: Tukima's Dance
  3327 | D:3      | Noticed Jessica
  3329 | D:3      | Killed Jessica
  3358 | D:3      | Reached skill level 4 in Hexes
  3360 | D:3      | Gained mutation: You have hoof-like feet. [demonic
                  | ancestry]
  3360 | D:3      | Reached XP level 6. HP: 41/41 MP: 3/10
  3576 | D:3      | Found a glowing drain.
  3609 | Sewer    | Entered a sewer
  4346 | Sewer    | HP: 1/41 [river rat (8)]
  4743 | Sewer    | Reached XP level 7. HP: 36/46 MP: 9/13
  5235 | D:4      | Reached skill level 5 in Hexes
  6856 | D:4      | Noticed Edmund
  6873 | D:4      | Killed Edmund
  6874 | D:4      | Reached skill level 6 in Hexes
  6983 | D:4      | Reached XP level 8. HP: 52/52 MP: 12/14
  7186 | D:4      | Identified a scroll of acquirement
  7186 | D:4      | Acquired 742 gold pieces
  7326 | D:1      | Bought the ring of Raeziol {rPois rF- Int+7 Dex+6} for 851
                  | gold pieces
  7400 | D:5      | Entered Level 5 of the Dungeon
  7498 | D:5      | Found Games's Magic Scroll Shoppe.
  7507 | D:5      | Reached skill level 1 in Fighting
  7770 | D:5      | Reached skill level 5 in Stealth
  7829 | D:5      | Reached skill level 7 in Hexes
  8173 | D:6      | Found a staircase to the Ecumenical Temple.
  8193 | Temple   | Entered the Ecumenical Temple
  8471 | Temple   | Became a worshipper of Cheibriados the Contemplative
  8847 | D:6      | Gained mutation: A weak demonic guardian rushes to your
                  | aid. [demonic ancestry]
  8847 | D:6      | Reached XP level 9. HP: 50/62 MP: 5/15
  9432 | D:7      | Reached skill level 8 in Hexes
  9777 | D:7      | Reached * piety under Cheibriados
 10005 | D:7      | Reached skill level 1 in Invocations
 10468 | D:7      | Noticed a komodo dragon
 10492 | D:7      | Slain by a komodo dragon

Illustrated notes

Levels and vault maps discovered:
D:1:      doesnt_arrival_eight_statues, layout_loops_ring, serial_shops, shop,
          shop, nicolae_shop_trees, roderic_serpentine_path
D:2:      layout_basic, hellmonk_ecumenical_altar_crossroads, item_on_display_a
D:3:      layout_rooms, zin_statuary, portal_sewer_entry_a,
          amcnicky_mini_corridor_feature, wander_ebering_terrifying_dragon_lair,
          uniq_jessica
D:4:      layout_layer_cave, nrook_uturn, minmay_misc_feat_x,
          kennysheep_small_square, uniq_edmund
D:5:      layout_cave_pools, serial_shops, shop
D:6:      layout_loops_ring, minmay_temple_entry_antechambers
D:7:      layout_basic, nicolae_overflow_hidden_temple,
          kennysheep_okawaru_gauntlet, minmay_manual_mail
Temple:   minmay_temple_curvy_branch

Skill      XL: |  1  2  3  4  5  6  7  8  9 |
---------------+----------------------------+-----
Short Blades   | 1 2 3 |  3.0
Ice Magic      | 1 2 3 |  3.3
Spellcasting   | 3 4 |  4.1
Hexes          | 4 6 7 8 |  8.0
Stealth        | 4 5 6 |  6.0
Dodging        | 3 4 |  4.2
Fighting       | 2 4 |  4.0
Invocations    | 3 |  3.2

Action                   |  1- 3 |  4- 6 |  7- 9 || total
-------------------------+-------+-------+-------++-------
Melee: Dagger            |    39 |       |   177 ||   216
       Short sword       |    68 |   166 |    79 ||   313
       Kick              |    10 |    43 |    80 ||   133
 Cast: Ensorcelled Hiber |    11 |    20 |    93 ||   124
       Confusing Touch   |       |     1 |    14 ||    15
       Tukima's Dance    |       |       |    17 ||    17
  Use: Scroll            |     1 |       |    10 ||    11
       Potion            |       |     2 |     2 ||     4
 Stab: Sleeping          |    19 |    12 |    54 ||    85
       Confused          |       |       |    14 ||    14
       Invisible         |       |       |     4 ||     4
       Distracted        |       |       |     1 ||     1
Armor: Robe              |    16 |    70 |    78 ||   164
Dodge: Dodged            |    49 |   171 |   182 ||   402

Table legend: (Time is in decaauts)
 A = Elapsed time spent in this place.
 B = Non-inter-level travel time spent in this place.
 C = Inter-level travel time spent in this place.
 D = Time resting spent in this place.
 E = Time spent auto-exploring this place.
 F = Levels seen in this place.
 G = Mean time per level.
                   A        B        C        D        E       F      G
               +--------+--------+--------+--------+--------+-----+--------+
         Total |  10649 |  10193 |    456 |   1291 |   7107 |   9 | 1183.2 |
       Dungeon |   8915 |   8508 |    407 |   1267 |   5767 |   7 | 1273.6 |
        Temple |    306 |    258 |     48 |      0 |    255 |   1 |  306.0 |
         Sewer |   1426 |   1426 |      0 |     24 |   1084 |   1 | 1426.0 |
               +--------+--------+--------+--------+--------+-----+--------+

Top non-repeatable levels by time:
     D:1: 2185 daAuts
     D:4: 2097 daAuts
     D:6: 1582 daAuts
   Sewer: 1426 daAuts
     D:2: 978 daAuts
     D:5: 760 daAuts
     D:7: 690 daAuts
     D:3: 620 daAuts
  Temple: 306 daAuts
